TOP OF THE 1ST |
Reading Phillies batting - Pitching for Lynn Sailors : RHP Eric Broersma
|
Pitching: RHP Eric Broersma
|
|
Batting: LHB George Johnson
|
0-0: Ground out U3 (Groundball, 3L, EV 78.8 MPH)
|
Batting: LHB Alex Mata
|
0-0: Called Strike 0-1: Foul Ball, location: 2F 0-2: Strikes out swinging
|
Batting: LHB Paul Hertzler
|
0-0: Ball 1-0: Ball 2-0: Called Strike 2-1: Foul Ball, location: 2F 2-2: Foul Ball, location: 2F 2-2: Foul Ball, location: 2F 2-2: Fly out, F6 (Popup, 6MD, EV 53.1 MPH)
|
Top of the 1st over - 0 runs, 0 hits, 0 errors, 0 left on base; Reading 0 - Lynn 0 |
BOTTOM OF THE 1ST |
Lynn Sailors batting - Pitching for Reading Phillies : LHP John Cerutti
|
Pitching: LHP John Cerutti
|
|
Batting: RHB Ron Wotus
|
0-0: Ball 1-0: Ball 2-0: Called Strike 2-1: Called Strike 2-2: Ground out 6-3 (Groundball, 6, EV 93.8 MPH)
|
Batting: RHB Jorge Hinojosa
|
0-0: Ball 1-0: Ball 2-0: Ground out 4-3 (Groundball, 4, EV 105.0 MPH)
|
Batting: RHB Mike Rubel
|
0-0: Ball 1-0: Ball 2-0: Ball 3-0: Foul Ball, location: 2F 3-1: Base on Balls
|
Batting: RHB Ken Gerhart
|
0-0: Ball Wild Pitch! Mike Rubel to second 1-0: Foul Ball, location: 2F 1-1: 2-RUN HOME RUN (Flyball, 78XD, EV 103.1 MPH), Distance : 420 ft
|
Batting: RHB Mike Reddish
|
0-0: Called Strike 0-1: Ground out 6-3 (Groundball, 6, EV 93.8 MPH)
|
Bottom of the 1st over - 2 runs, 1 hit, 0 errors, 0 left on base; Reading 0 - Lynn 2 |
TOP OF THE 2ND |
Reading Phillies batting - Pitching for Lynn Sailors : RHP Eric Broersma
|
Batting: LHB Jerald Hammermeister
|
0-0: Ground out 6-3 (Groundball, 56, EV 97.5 MPH)
|
Batting: RHB Paul Wirkus
|
0-0: Called Strike 0-1: Foul Ball, location: 2F 0-2: Strikes out looking
|
Batting: SHB Doug Baker
|
0-0: Called Strike 0-1: Foul Ball, location: 2F 0-2: Ball 1-2: Ground out U3 (Groundball, 3, EV 85.0 MPH)
|
Top of the 2nd over - 0 runs, 0 hits, 0 errors, 0 left on base; Reading 0 - Lynn 2 |
BOTTOM OF THE 2ND |
Lynn Sailors batting - Pitching for Reading Phillies : LHP John Cerutti
|
Batting: RHB Ted Trevino
|
0-0: Foul Ball, location: 2F 0-1: Ball 1-1: Swinging Strike 1-2: Foul Ball, location: 2F 1-2: Foul Ball, location: 2F 1-2: SINGLE (Groundball, 25, EV 72.5 MPH) (infield hit)
|
Batting: RHB Vinny Jaramillo
|
0-0: Called Strike 0-1: Swinging Strike Ted Trevino is caught stealing 2nd base 2-4 0-2: Ball 1-2: Ball 2-2: DOUBLE (Line Drive, 89M, EV 113.1 MPH)
|
Batting: SHB Danny Gans
|
0-0: Ball 1-0: Called Strike 1-1: Fly out, F8 (Flyball, 8RM, EV 79.4 MPH)
|
Batting: RHB Ezequiel Carrasco
|
0-0: Ball 1-0: Ball 2-0: Called Strike 2-1: Ground out 4-3 (Groundball, 4, EV 89.4 MPH)
|
Bottom of the 2nd over - 0 runs, 2 hits, 0 errors, 1 left on base; Reading 0 - Lynn 2 |
TOP OF THE 3RD |
Reading Phillies batting - Pitching for Lynn Sailors : RHP Eric Broersma
|
Batting: RHB Gabe Morales
|
0-0: Ball 1-0: Swinging Strike 1-1: Ground out U3 (Groundball, 3, EV 77.5 MPH)
|
Batting: RHB Gary Roenicke
|
0-0: Ball 1-0: Swinging Strike 1-1: Ball 2-1: Foul Ball, location: 2F 2-2: Ball 3-2: Reached on error, E4 (Groundball, 4, EV 81.3 MPH)
|
Batting: RHB Mark Sproesser
|
0-0: Ball 1-0: Grounds into double play, 4-6-3 (Groundball, 4, EV 90.0 MPH)
|
Top of the 3rd over - 0 runs, 0 hits, 1 error, 0 left on base; Reading 0 - Lynn 2 |
BOTTOM OF THE 3RD |
Lynn Sailors batting - Pitching for Reading Phillies : LHP John Cerutti
|
Batting: RHB Ron Wotus
|
0-0: Fly out, F8 (Line Drive, 8LD, EV 95.0 MPH)
|
Batting: RHB Jorge Hinojosa
|
0-0: Ball 1-0: Called Strike 1-1: Called Strike 1-2: Foul Ball, location: 2F 1-2: Foul Ball, location: 2F 1-2: Ground out 5-3 (Groundball, 56, EV 89.4 MPH)
|
Batting: RHB Mike Rubel
|
0-0: Ball 1-0: DOUBLE (Flyball, 9LD, EV 112.5 MPH)
|
Batting: RHB Ken Gerhart
|
0-0: 2-RUN HOME RUN (Flyball, 78XD, EV 95.6 MPH), Distance : 433 ft
|
Batting: RHB Mike Reddish
|
0-0: Called Strike 0-1: Ball 1-1: Foul Ball, location: 2F 1-2: Strikes out looking
|
Bottom of the 3rd over - 2 runs, 2 hits, 0 errors, 0 left on base; Reading 0 - Lynn 4 |
TOP OF THE 4TH |
Reading Phillies batting - Pitching for Lynn Sailors : RHP Eric Broersma
|
Batting: LHB George Johnson
|
0-0: Called Strike 0-1: Ground out U3 (Groundball, 34S, EV 78.1 MPH)
|
Batting: LHB Alex Mata
|
0-0: Ball 1-0: Ball 2-0: Swinging Strike 2-1: Ground out 4-3 (Groundball, 4MD, EV 105.0 MPH)
|
Batting: LHB Paul Hertzler
|
0-0: Foul Ball, location: 2RF, Error on foul ball, E2 0-1: Ball 1-1: Ball 2-1: Foul Ball, location: 2F 2-2: Foul Ball, location: 2F 2-2: Strikes out swinging
|
Top of the 4th over - 0 runs, 0 hits, 1 error, 0 left on base; Reading 0 - Lynn 4 |
BOTTOM OF THE 4TH |
Lynn Sailors batting - Pitching for Reading Phillies : LHP John Cerutti
|
Batting: RHB Ted Trevino
|
0-0: Swinging Strike 0-1: Ball 1-1: Ground out 6-3 (Groundball, 56D, EV 79.4 MPH)
|
Batting: RHB Vinny Jaramillo
|
0-0: Ball 1-0: Called Strike 1-1: Called Strike 1-2: Foul Ball, location: 2F 1-2: Ball 2-2: Fly out, F8 (Flyball, 8RS, EV 91.9 MPH)
|
Batting: SHB Danny Gans
|
0-0: Ball 1-0: SINGLE (Groundball, 6MD, EV 109.4 MPH)
|
Batting: RHB Ezequiel Carrasco
|
0-0: Called Strike 0-1: Ball 1-1: Swinging Strike 1-2: Foul Ball, location: 2F 1-2: Ball 2-2: Ball 3-2: Base on Balls Danny Gans to second
|
Batting: RHB Ron Wotus
|
0-0: Called Strike 0-1: Ball 1-1: Called Strike 1-2: Strikes out swinging
|
Bottom of the 4th over - 0 runs, 1 hit, 0 errors, 2 left on base; Reading 0 - Lynn 4 |
TOP OF THE 5TH |
Reading Phillies batting - Pitching for Lynn Sailors : RHP Eric Broersma
|
Batting: LHB Jerald Hammermeister
|
0-0: Ball 1-0: Foul Ball, location: 2F 1-1: Ball 2-1: Swinging Strike 2-2: Foul Ball, location: 2F 2-2: Strikes out swinging
|
Batting: RHB Paul Wirkus
|
0-0: Foul Ball, location: 2F 0-1: Called Strike 0-2: Ball 1-2: Ball 2-2: Fly out, F8 (Flyball, 89D, EV 108.1 MPH)
|
Batting: SHB Doug Baker
|
0-0: Swinging Strike 0-1: Ball 1-1: Called Strike 1-2: Ball 2-2: Ball 3-2: Ground out U3 (Groundball, 3, EV 80.6 MPH)
|
Top of the 5th over - 0 runs, 0 hits, 0 errors, 0 left on base; Reading 0 - Lynn 4 |
BOTTOM OF THE 5TH |
Lynn Sailors batting - Pitching for Reading Phillies : LHP John Cerutti
|
Batting: RHB Jorge Hinojosa
|
0-0: Ball 1-0: Ground out 6-3 (Groundball, 6, EV 87.5 MPH)
|
Batting: RHB Mike Rubel
|
0-0: Ball 1-0: Ball 2-0: SOLO HOME RUN (Flyball, 7D, EV 100.6 MPH), Distance : 367 ft
|
Batting: RHB Ken Gerhart
|
0-0: Ball 1-0: Ball 2-0: Ball 3-0: Called Strike 3-1: Base on Balls
|
Batting: RHB Mike Reddish
|
0-0: Ball Ken Gerhart steals 2nd base (no throw) 1-0: Ball Ken Gerhart steals 3rd base 2-0: Ball 3-0: Called Strike 3-1: Foul Ball, location: 2F 3-2: Strikes out looking
|
Batting: RHB Ted Trevino
|
0-0: Ball 1-0: Called Strike 1-1: Ball 2-1: Ball 3-1: Called Strike 3-2: Fly out, F9 (Flyball, 9, EV 88.8 MPH)
|
Bottom of the 5th over - 1 run, 1 hit, 0 errors, 1 left on base; Reading 0 - Lynn 5 |
TOP OF THE 6TH |
Reading Phillies batting - Pitching for Lynn Sailors : RHP Eric Broersma
|
Batting: RHB Gabe Morales
|
0-0: Called Strike 0-1: Foul Ball, location: 2F 0-2: Foul Ball, location: 2F 0-2: Fly out, F9 (Flyball, 9LM, EV 78.1 MPH)
|
Batting: RHB Gary Roenicke
|
0-0: Ball 1-0: Ball 2-0: Called Strike 2-1: Foul Ball, location: 2F 2-2: Ball 3-2: Foul Ball, location: 2F 3-2: Fly out, F7 (Flyball, 78M, EV 93.1 MPH)
|
Batting: RHB Mark Sproesser
|
0-0: Called Strike 0-1: Foul Ball, location: 2F 0-2: Strikes out swinging
|
Top of the 6th over - 0 runs, 0 hits, 0 errors, 0 left on base; Reading 0 - Lynn 5 |
BOTTOM OF THE 6TH |
Lynn Sailors batting - Pitching for Reading Phillies : LHP John Cerutti
|
Batting: RHB Vinny Jaramillo
|
0-0: Ball 1-0: Called Strike 1-1: Ball 2-1: Ball 3-1: Swinging Strike 3-2: Foul Ball, location: 2F 3-2: Ground out 5-3 (Groundball, 56, EV 81.3 MPH)
|
Batting: SHB Danny Gans
|
0-0: Ball 1-0: Swinging Strike 1-1: Ball 2-1: Fly out, F8 (Line Drive, 8RD, EV 96.9 MPH)
|
Batting: RHB Ezequiel Carrasco
|
0-0: Ball 1-0: Swinging Strike 1-1: Ball 2-1: Foul Ball, location: 2F 2-2: Foul Ball, location: 2F 2-2: Fly out, F6 (Line Drive, 6, EV 67.5 MPH)
|
Bottom of the 6th over - 0 runs, 0 hits, 0 errors, 0 left on base; Reading 0 - Lynn 5 |
TOP OF THE 7TH |
Reading Phillies batting - Pitching for Lynn Sailors : RHP Eric Broersma
|
Batting: LHB George Johnson
|
0-0: Ball 1-0: Fly out, F4 (Popup, 34, EV 68.8 MPH)
|
Batting: LHB Alex Mata
|
0-0: Fly out, F9 (Line Drive, 9, EV 93.8 MPH)
|
Batting: LHB Paul Hertzler
|
0-0: Called Strike 0-1: Ball 1-1: SINGLE (Groundball, 25, EV 70.0 MPH) (infield hit)
|
Batting: LHB Jerald Hammermeister
|
0-0: Foul Ball, location: 2F 0-1: Ball Wild Pitch! Paul Hertzler to second 1-1: Swinging Strike 1-2: Ground out 5-3 (Groundball, 56, EV 83.8 MPH)
|
Top of the 7th over - 0 runs, 1 hit, 0 errors, 1 left on base; Reading 0 - Lynn 5 |
BOTTOM OF THE 7TH |
Lynn Sailors batting - Pitching for Reading Phillies : LHP John Cerutti
|
Batting: RHB Ron Wotus
|
0-0: Foul Ball, location: 2F 0-1: Fly out, F7 (Flyball, 7LM, EV 81.9 MPH)
|
Batting: RHB Jorge Hinojosa
|
0-0: Called Strike 0-1: Ball 1-1: Foul Ball, location: 2F 1-2: Strikes out swinging
|
Batting: RHB Mike Rubel
|
0-0: Called Strike 0-1: Ball 1-1: Foul Ball, location: 2F 1-2: Ball 2-2: Fly out, F8 (Flyball, 8LD, EV 103.8 MPH)
|
Bottom of the 7th over - 0 runs, 0 hits, 0 errors, 0 left on base; Reading 0 - Lynn 5 |
TOP OF THE 8TH |
Reading Phillies batting - Pitching for Lynn Sailors : RHP Eric Broersma
|
Batting: RHB Paul Wirkus
|
0-0: Called Strike 0-1: Ball 1-1: Fly out, F8 (Flyball, 8LD, EV 100.0 MPH)
|
Batting: SHB Doug Baker
|
0-0: Called Strike 0-1: Ball 1-1: Ball 2-1: Called Strike 2-2: SINGLE (Line Drive, 78S, EV 108.1 MPH)
|
Batting: RHB Gabe Morales
|
0-0: Called Strike 0-1: Foul Ball, location: 2F 0-2: Ball 1-2: Strikes out swinging
|
Batting: RHB Gary Roenicke
|
0-0: Ball 1-0: Ball 2-0: Called Strike 2-1: Ground out 3-1 (Groundball, 34S, EV 93.8 MPH)
|
Top of the 8th over - 0 runs, 1 hit, 0 errors, 1 left on base; Reading 0 - Lynn 5 |
BOTTOM OF THE 8TH |
Lynn Sailors batting - Pitching for Reading Phillies : LHP John Cerutti
|
Batting: RHB Ken Gerhart
|
0-0: Swinging Strike 0-1: Ball 1-1: Foul Ball, location: 2F 1-2: Ball 2-2: Ball 3-2: Strikes out looking
|
Batting: RHB Mike Reddish
|
0-0: Called Strike 0-1: Ball 1-1: Ball 2-1: Called Strike 2-2: Foul Ball, location: 2F 2-2: Ball 3-2: SINGLE (Line Drive, 4D, EV 102.5 MPH)
|
Batting: RHB Ted Trevino
|
0-0: Ball 1-0: Foul Ball, location: 2F 1-1: Foul Ball, location: 2F 1-2: Grounds into double play, 4-6-3 (Groundball, 4, EV 85.0 MPH)
|
Bottom of the 8th over - 0 runs, 1 hit, 0 errors, 0 left on base; Reading 0 - Lynn 5 |
TOP OF THE 9TH |
Reading Phillies batting - Pitching for Lynn Sailors : RHP Eric Broersma
|
Batting: RHB Mark Sproesser
|
0-0: Ball 1-0: Called Strike 1-1: Swinging Strike 1-2: Fly out, F7 (Line Drive, 7, EV 93.8 MPH)
|
Batting: LHB George Johnson
|
0-0: Called Strike 0-1: Ground out 6-3 (Groundball, 6S, EV 66.9 MPH)
|
Batting: LHB Alex Mata
|
0-0: Ball 1-0: Foul Ball, location: 2F 1-1: Foul Ball, location: 2F 1-2: Foul Ball, location: 2F 1-2: Foul Ball, location: 2F 1-2: SINGLE (Groundball, 5S, EV 68.1 MPH) (infield hit)
|
Pitching: RHP Trent Ferrin
|
|
Batting: LHB Paul Hertzler
|
0-0: Ball 1-0: Called Strike 1-1: Ball 2-1: Ground out 5-3 (Groundball, 15, EV 83.8 MPH)
|
Top of the 9th over - 0 runs, 1 hit, 0 errors, 1 left on base; Reading 0 - Lynn 5 |
|